 Dungeon Crawl Stone Soup version 0.26-a0-649-gf8c6c3aab7 (webtiles) character file.

Game seed: 15235642261832423932

828 Borbozo the Slinger (level 8, 0/52 HPs)
             Began as a Halfling Hunter on Sept 26, 2020.
             Slain by Duvessa
             ... wielding a +0 short sword
              (11 damage)
             ... on level 5 of the Dungeon.
             The game lasted 00:40:13 (4883 turns).

Borbozo the Slinger (Halfling Hunter)               Turns: 4883, Time: 00:40:14

Health: 0/52       AC:  5    Str: 13    XL:     8   Next: 17%
Magic:  8/8        EV: 16    Int:  9    God:
Gold:   179        SH:  0    Dex: 17    Spells: 7/7 levels left

rFire    . . .     SeeInvis +   o - +2 dagger (venom)
rCold    . . .     Faith    .   (shield restricted)
rNeg     . . .     Spirit   .   D - +0 leather armour
rPois    .         Reflect  .   (no helmet)
rElec    .         Harm     .   (no cloak)
rCorr    .         Rampage  .   (no gloves)
MR       .....                  i - +1 pair of boots
Stlth    ++........             (no amulet)
HPRegen  0.17/turn              k - ring of see invisible
MPRegen  0.11/turn              (no ring)

@: hasted, very quick
A: small, mutation resistance 1
a: no special abilities


You were on level 5 of the Dungeon.
You visited 1 branch of the dungeon, and saw 5 of its levels.

You collected 239 gold pieces.
You spent 60 gold pieces at shops.

Inventory:

Hand Weapons
 a - a +1 hunting sling
 b - a +0 short sword
 o - a +2 dagger of venom (weapon)
 x - a +2 falchion of protection
 F - a +0 hunting sling
Missiles
 d - 33 sling bullets
 e - 75 arrows
 g - 80 stones
 l - 20 bolts
 s - 5 javelins
 v - 16 poisoned darts (quivered)
Armour
 c - a +0 leather armour
 i - a +1 pair of boots (worn)
 u - a +0 leather armour
 D - a +0 leather armour (worn)
Magical Staves
 C - an uncursed staff of conjuration
Jewellery
 k - a ring of see invisible (left hand)
Wands
 q - a wand of digging (6)
 t - a wand of disintegration (10)
 G - a wand of enslavement (5)
Scrolls
 f - a scroll of random uselessness {unknown}
 p - 7 scrolls of remove curse
 w - a scroll of amnesia {unknown}
 y - a scroll of fog
 z - 2 scrolls of noise
 B - a scroll of teleportation {unknown}
 H - 2 scrolls of identify
Potions
 h - a potion of curing
 j - a potion of haste
 m - a potion of might {unknown}
 n - a potion of cancellation {unknown}
 r - 2 potions of brilliance
 A - a potion of resistance
 E - a potion of stabbing {unknown}


   Skills:
 + Level 3.4 Fighting
 + Level 3.8 Short Blades
 + Level 9.8(9.9) Slings
 + Level 1.2(4.4) Throwing
 + Level 2.7 Armour
 + Level 3.5 Dodging
 + Level 2.3 Stealth


You had 7 spell levels left.
You didn't know any spells.
Your spell library was empty.

Dungeon Overview and Level Annotations

Branches:
Dungeon (5/15)
 Temple: D:4-7

Altars:

Shops:
D:4 *

Annotations:
D:5 Duvessa


Innate Abilities, Weirdness & Mutations

You are small and have problems with some larger weapons.
You are somewhat resistant to further mutation.


Message History

Duvessa weeps, then rights herself and shakes her weapon.
Duvessa goes berserk!
You hit Duvessa but do no damage.
Duvessa is poisoned.
Duvessa hits you with a +0 short sword.
You feel sick. Duvessa hits you with a +0 short sword!
You feel better. Duvessa completely misses you. Duvessa barely misses you.
You hit Duvessa but do no damage.
Duvessa is lightly wounded.
Duvessa hits you with a +0 short sword.
You hit Duvessa.
Duvessa looks even sicker.
Duvessa is lightly wounded.
Duvessa hits you with a +0 short sword. Duvessa hits you with a +0 short sword!
You hit Duvessa.
Duvessa is moderately wounded.
Duvessa hits you with a +0 short sword.
* * * LOW HITPOINT WARNING * * *
Duvessa closely misses you.
You feel yourself speed up. Duvessa hits you with a +0 short sword!
You die...

.................
.#..#........#.. #.......#####
##. .. ##......# .. ..
##...### .... #...# .#< #...#
### .. #.e.# .^..
#.#######.@.####### .....
..####.#...............#...#
...........................#
..#.##.................#......
#.....######...####### .....
.......# #...# .[.. #.##.##.#
#...# .[. # ... ..# #...### .#
#.# ### #.....# #


You could see Duvessa (berserk, resistant, very poisoned).

Vanquished Creatures
  A phantom (D:4)
  An ogre (D:3)
  Dowan (D:5)
  2 scorpions
  2 hounds (D:4)
  An orc priest (D:4)
  A centaur skeleton (D:4)
  Terence (D:3)
  Ijyb (D:4)
  An orc wizard (D:4)
  5 worker ants
  A killer bee zombie (D:5)
  A hound skeleton (D:5)
  3 gnolls (D:5)
  3 adders
  An ufetubus (D:5)
  2 oozes
  4 worms
  2 dart slugs
  2 leopard geckos
  12 orcs
  A ball python (D:4)
  9 giant cockroaches
  6 goblins
  11 hobgoblins
  7 jackals
  4 kobolds
  A quokka (D:2)
  5 bats
  7 frilled lizards
  A quokka skeleton (D:5)
  11 rats
111 creatures vanquished.

Notes
Turn   | Place    | Note
-------+----------+-------------------------------------------
     0 | D:1      | Borbozo the Halfling Hunter began the quest for the Orb.
     0 | D:1      | Reached XP level 1. HP: 14/14 MP: 1/1
    42 | D:1      | Reached skill level 6 in Slings
   203 | D:1      | Reached XP level 2. HP: 19/19 MP: 2/2
   377 | D:1      | Reached skill level 1 in Short Blades
   606 | D:1      | Reached XP level 3. HP: 24/24 MP: 3/3
  1406 | D:2      | Reached XP level 4. HP: 29/29 MP: 4/4
  1516 | D:2      | Reached skill level 1 in Armour
  1922 | D:3      | Reached XP level 5. HP: 32/34 MP: 5/5
  1974 | D:3      | Noticed an ogre
  1994 | D:3      | Killed an ogre
  1994 | D:3      | Reached skill level 7 in Slings
  1994 | D:3      | Reached skill level 1 in Throwing
  1994 | D:3      | Reached XP level 6. HP: 41/41 MP: 6/6
  2364 | D:3      | Noticed Terence
  2396 | D:3      | Killed Terence
  2843 | D:4      | Reached skill level 8 in Slings
  2894 | D:4      | Noticed a phantom
  2929 | D:4      | Killed a phantom
  2929 | D:4      | Reached XP level 7. HP: 38/45 MP: 7/7
  3906 | D:4      | Reached skill level 9 in Slings
  4122 | D:4      | Found Zih Waw's Assorted Antiques.
  4130 | D:4      | Noticed Ijyb
  4150 | D:4      | Killed Ijyb
  4253 | D:4      | Bought a scroll of identify for 60 gold pieces
  4513 | D:5      | Entered Level 5 of the Dungeon
  4751 | D:5      | Reached XP level 8. HP: 52/52 MP: 8/8
  4848 | D:5      | Noticed Dowan
  4860 | D:5      | Noticed Duvessa
  4871 | D:5      | Killed Dowan
  4883 | D:5      | Slain by Duvessa

Illustrated notes

Levels and vault maps discovered:
D:1:      grunt_arrival_crossed_arrows, layout_loops_ring
D:2:      layout_basic
D:3:      lemuel_upstairs_altar, layout_rooms, uniq_terence
D:4:      layout_basic, serial_shops, shop, serial_corexii_hall,
          chequers_hall_statues_corner_a, corexii_hall_statues_deadend,
          wad_floor_pattern_untrapped, uniq_ijyb
D:5:      layout_loops_cross, okawaru_ov_weapons_minmay, uniq_duvessa

Skill      XL: |  1  2  3  4  5  6  7 |
---------------+----------------------+-----
Slings         | 6 7 8 9 |  9.8
Short Blades   | 1 2 3 |  3.8
Fighting       | 2 3 |  3.4
Armour         | 1 2 |  2.7
Throwing       | 1 |  1.2
Dodging        | 3 |  3.5
Stealth        | 2 |  2.3

Action                   |  1- 3 |  4- 6 |  7- 9 || total
-------------------------+-------+-------+-------++-------
Melee: Short sword       |    46 |       |       ||    46
       Dagger            |    50 |    82 |    49 ||   181
       Hunting sling     |       |       |     2 ||     2
 Fire: Hunting sling     |     3 |    99 |    77 ||   179
Throw: Dart              |       |     8 |       ||     8
  Use: Scroll            |     6 |     3 |     3 ||    12
       Potion            |       |       |     4 ||     4
 Stab: Sleeping          |     2 |       |       ||     2
Armor: Leather armour    |    21 |    20 |    14 ||    55
Dodge: Dodged            |    69 |    74 |    62 ||   205

Table legend: (Time is in decaauts)
 A = Elapsed time spent in this place.
 B = Non-inter-level travel time spent in this place.
 C = Inter-level travel time spent in this place.
 D = Time resting spent in this place.
 E = Time spent auto-exploring this place.
 F = Levels seen in this place.
 G = Mean time per level.
                   A        B        C        D        E       F      G
               +--------+--------+--------+--------+--------+-----+--------+
         Total |   4812 |   4812 |      0 |    847 |      0 |   5 |  962.4 |
       Dungeon |   4812 |   4812 |      0 |    847 |      0 |   5 |  962.4 |
               +--------+--------+--------+--------+--------+-----+--------+

Top non-repeatable levels by time:
     D:4: 2024 daAuts
     D:1: 982 daAuts
     D:2: 863 daAuts
     D:3: 672 daAuts
     D:5: 269 daAuts
